 Dungeon Crawl Stone Soup version 0.28-a0-1184-g53156a8862 (webtiles) character file.

Game seed: 10656579053550419707

1547 septik the Cleaver (level 8, 0/64 HPs)
             Began as a Minotaur Berserker on Dec 17, 2021.
             Was a Priest of Trog.
             Succumbed to a water moccasin's poison
             ... on level 5 of the Dungeon.
             The game lasted 00:05:48 (3981 turns).

septik the Cleaver (Minotaur Berserker)             Turns: 3981, Time: 00:05:49

Health: 0/64       AC:  9    Str: 25    XL:     8   Next: 57%
Magic:  7/7        EV: 11    Int:  4    God:    Trog [***...]
Gold:   271        SH:  0    Dex:  9    Spells: 7/7 levels left

rFire   . . .      SeeInvis .   k - +2 dagger (elec)
rCold   . . .      Faith    .   (no shield)
rNeg    . . .      Spirit   .   j - +0 ring mail
rPois   .          Reflect  .   (helmet restricted)
rElec   .          Harm     .   (no cloak)
rCorr   +          Rampage  .   (no gloves)
Will    .....                   (no boots)
Stlth   ..........              e - amulet of regeneration
HPRegen 1.00/turn               c - ring of resist corrosion
MPRegen 0.10/turn               p - +4 ring of protection

@: lethally poisoned (0 -> -1), on berserk cooldown, slowed, very slow
A: horns 2, retaliatory headbutt
a: Renounce Religion, Berserk, Trog's Hand


You were on level 5 of the Dungeon.
You worshipped Trog.
Trog was most pleased with you.
You visited 1 branch of the dungeon, and saw 6 of its levels.

You collected 271 gold pieces.

Inventory:

Hand Weapons
 a - a +0 hand axe
 h - a +0 dagger of holy wrath
 k - a +2 dagger of electrocution (weapon)
 t - a +0 war axe
Missiles
 l - 213 stones (quivered)
 s - 20 poisoned darts
Armour
 b - a +0 animal skin
 j - a +0 ring mail (worn)
Jewellery
 c - a ring of resist corrosion (left hand)
 d - an amulet of faith
 e - an amulet of regeneration (around neck)
 p - a +4 ring of protection (right hand)
Scrolls
 f - a scroll of fear {unknown}
 g - a scroll of noise {unknown}
 i - 2 scrolls of acquirement {unknown}
 n - a scroll of blinking {unknown}
 o - a scroll of magic mapping {unknown}
 q - 3 scrolls of enchant armour {unknown}
 r - a scroll of identify {unknown}
 u - a scroll of fog {unknown}
 v - a scroll of holy word {unknown}
 w - a scroll of brand weapon {unknown}
Potions
 m - a potion of attraction {unknown}
 x - a potion of degeneration {unknown}
 z - a potion of mutation {unknown}
 A - a potion of curing {unknown}


   Skills:
 - Level 3.6 Fighting
 + Level 13.2 Axes
 - Level 2.4 Armour
 - Level 2.1 Dodging


You had 7 spell levels left.
You didn't know any spells.
Your spell library was empty.

Dungeon Overview and Level Annotations

Branches:
Dungeon (6/15)             Temple (0/1) D:4

Altars:
Elyvilon
Hepliaklqana
Qazlal
Ru
Trog
Uskayaw
Wu Jian
Xom

Annotations:
D:3 2 transporters


Innate Abilities, Weirdness & Mutations

You have a pair of horns on your head.
You reflexively headbutt those who attack you in melee.


Message History

You feel very sick. The water moccasin closely misses you.
You puncture the iguana!
The iguana is heavily wounded.
You feel sick. The water moccasin bites you.
* * * LOW HITPOINT WARNING * * *
You are more poisoned.
The water moccasin poisons you!
An orc wizard comes into view. It is wielding a +0 dagger.
The iguana barely misses you. You furiously retaliate!
You headbutt the iguana!
You kill the iguana!
Trog accepts your kill.
You are no longer berserk.
You are exhausted.
You feel yourself slow down.
You feel very sick. The water moccasin bites you.
* * * LOW HITPOINT WARNING * * *
An orc wizard comes into view. It is wielding a +0 dagger.
Things that are here:
a +2 dire flail of protection; a +0 chain mail
* * * LOW HITPOINT WARNING * * *
You feel very sick. The water moccasin barely misses you.
* * * LOW HITPOINT WARNING * * *
You feel very sick.
The orc wizard mumbles some strange words.
The orc wizard flickers and vanishes!
Deactivating autopickup; reactivate with Ctrl-A.
The water moccasin closely misses you.
There is a stone staircase leading up here.
* * * LOW HITPOINT WARNING * * *
You feel very sick. The water moccasin bites you.
* * * LOW HITPOINT WARNING * * *
The water moccasin closely misses you. You furiously retaliate!
You headbutt the water moccasin, but do no damage.
You climb upwards.
Reactivating autopickup.
You die...

##### ....# ###.####
#....# #....#
############### #....#
#.............# #....#
#.###########.#
###<...####.###########.#
.......'.......S@.....#.#
.......####.#########.#.#
.......# #.####### #.#.#
.......# #.......# #.#.#
.......#########.## #.#.#
...#.#.........#.# #.#.#
.....#.#######.#.## #.#.#
.#................# #.#.#
.#...#.#.#####.#..# #.#.#


You could see a water moccasin.

Vanquished Creatures
  Grinder (D:3)
  Sigmund (D:2)
  Edmund (D:6)
  2 necrophages (D:4)
  A black bear (D:4)
  A centaur (D:5)
  A bullfrog (D:4)
  A howler monkey (D:4)
  3 hounds
  2 jellies
  5 orc priests
  3 iguanas
  3 orc wizards
  6 adders
  2 worms
  2 dart slugs
  17 orcs
  5 ball pythons
  7 endoplasms
  4 giant cockroaches
  14 goblins
  16 hobgoblins
  2 jackals (D:4)
  5 quokkas
  10 bats
  A frilled lizard (D:1)
  11 kobolds
  3 rats
130 creatures vanquished.

Vanquished Creatures (others)
  A plant (D:4)
1 creature vanquished.

Grand Total: 131 creatures vanquished

Notes
Turn   | Place    | Note
-------+----------+-------------------------------------------
     0 | D:1      | septik the Minotaur Berserker began the quest for the Orb.
     0 | D:1      | Reached XP level 1. HP: 19/19 MP: 0/0
    28 | D:1      | Reached skill level 4 in Axes
    47 | D:1      | Reached XP level 2. HP: 19/26 MP: 1/1
   634 | D:1      | Reached skill level 5 in Axes
   937 | D:1      | Reached XP level 3. HP: 31/31 MP: 2/2
  1201 | D:2      | Reached ** piety under Trog
  1261 | D:2      | Noticed Sigmund
  1270 | D:2      | Killed Sigmund
  1271 | D:2      | Reached skill level 7 in Axes
  1271 | D:2      | Reached XP level 4. HP: 39/39 MP: 3/3
  1271 | D:2      | Reached XP level 5. HP: 45/45 MP: 4/4
  1578 | D:2      | Found a white marble altar of Elyvilon.
  1857 | D:3      | Found a transporter.
  1872 | D:3      | Found a hide-covered altar of Uskayaw.
  1874 | D:3      | Noticed Grinder
  1887 | D:3      | Killed Grinder
  1888 | D:3      | Reached skill level 9 in Axes
  1888 | D:3      | Reached XP level 6. HP: 51/51 MP: 5/5
  1953 | D:3      | Found a shimmering altar of Xom.
  2002 | D:3      | Found a transporter.
  2041 | D:3      | Found a faded altar of an unknown god.
  2277 | D:3      | Found a hazy altar of Hepliaklqana.
  2304 | D:3      | Found a stormy altar of Qazlal.
  2304 | D:3      | Found an ornate altar of the Wu Jian Council.
  2333 | D:3      | Found a sacrificial altar of Ru.
  2455 | D:4      | Found a staircase to the Ecumenical Temple.
  2534 | D:4      | Found a white marble altar of Elyvilon.
  2550 | D:4      | Reached XP level 7. HP: 56/57 MP: 6/6
  2563 | D:4      | Reached skill level 10 in Axes
  2601 | D:4      | Reached *** piety under Trog
  2636 | D:4      | Reached skill level 11 in Axes
  2744 | D:4      | Reached XP level 8. HP: 64/64 MP: 7/7
  2782 | D:4      | Found a bloodstained altar of Trog.
  3098 | D:5      | Entered Level 5 of the Dungeon
  3199 | D:5      | Reached skill level 12 in Axes
  3957 | D:6      | Noticed Edmund
  3969 | D:6      | Killed Edmund
  3970 | D:6      | Reached skill level 13 in Axes
  3980 | D:6      | HP: 3/64 [poisoned by a water moccasin]
  3980 | D:6      | HP: 1/64 [water moccasin (2)]
  3981 | D:5      | Succumbed to a water moccasin's poison

Illustrated notes

Levels and vault maps discovered:
D:1:      ncdulo_wetmaze, layout_basic
D:2:      layout_loops_cross, basic_altar, minmay_misc_feat_rows, uniq_sigmund
D:3:      gammafunk_wand_slinger, layout_rooms, general_overflow_altar,
          worldfamousw_hep_ancestral_shrine, xom_butterflies,
          amcnicky_altar_gilded, gammafunk_temple_overflow_pools,
          dreamdust_ecumenical_altar_angels_and_demons, uniq_grinder
D:4:      layout_rooms, trog_hazing_becter, elyvilon_altar_1,
          minmay_temple_entry_drinking_statues
D:5:      layout_basic, hangedman_decor_lopped
D:6:      corexii_shantytown, layout_loops_corners,
          nicolae_overflow_hidden_temple, okawaru_trees_2,
          mainiacjoe_overflow_surrounded_room,
          minmay_fractal_squares_diagonal_5, uniq_edmund

Skill      XL: |  1  2  3  4  5  6  7  8 |
---------------+-------------------------+-----
Axes           | 4 5 7 9 11 13 | 13.2
Fighting       | |  3.6
Armour         | |  2.4
Dodging        | |  2.1

Action                   |  1- 3 |  4- 6 |  7- 9 || total
-------------------------+-------+-------+-------++-------
Melee: Hand axe          |    27 |       |       ||    27
       Headbutt          |    12 |    19 |    14 ||    45
       Dagger            |    49 |    98 |   131 ||   278
Invok: Berserk           |     1 |     1 |     1 ||     3
       Trog's Hand       |     1 |     1 |       ||     2
Armor: Animal skin       |     5 |       |       ||     5
       Ring mail         |     7 |    36 |    54 ||    97
Dodge: Dodged            |    45 |    53 |    80 ||   178

Table legend: (Time is in decaauts)
 A = Elapsed time spent in this place.
 B = Non-inter-level travel time spent in this place.
 C = Inter-level travel time spent in this place.
 D = Time resting spent in this place.
 E = Time spent auto-exploring this place.
 F = Levels seen in this place.
 G = Mean time per level.
                   A        B        C        D        E       F      G
               +--------+--------+--------+--------+--------+-----+--------+
         Total |   4001 |   3804 |    197 |     40 |   3007 |   6 |  666.8 |
       Dungeon |   4001 |   3804 |    197 |     40 |   3007 |   6 |  666.8 |
               +--------+--------+--------+--------+--------+-----+--------+

Top non-repeatable levels by time:
     D:1: 1223 daAuts
     D:5: 855 daAuts
     D:2: 651 daAuts
     D:4: 649 daAuts
     D:3: 596 daAuts
     D:6: 24 daAuts
